 Dungeon Crawl Stone Soup version 0.28-a0-1518-gbe868bca14 (webtiles) character file.

Game seed: 10285834865510204975

11967 oldriver the Cleaver (level 11, -2/89 HPs)
             Began as a Gnoll Cinder Acolyte on Jan 17, 2022.
             Was a High Priest of Ignis.
             Succumbed to a cane toad's poison
             ... on level 1 of the Lair of Beasts.
             The game lasted 00:23:03 (21531 turns).

oldriver the Cleaver (Gnoll Cinder Acolyte)        Turns: 21531, Time: 00:23:04

Health: -2/89      AC: 11    Str: 18    XL:     11   Next: 86%
Magic:  23/31      EV: 13    Int: 13    God:    Ignis [*****.]
Gold:   488        SH:  0    Dex:  8    Spells: 22/24 levels left

rFire   + + .      SeeInvis .   p - +9 rapier "Ofeif" {vorpal, rElec rF+ Stlth+}
rCold   . . .      Faith    .   (no shield)
rNeg    . . .      Spirit   .   J - +2 robe {Will+}
rPois   .          Reflect  .   A - +0 helmet
rElec   +          Harm     .   (no cloak)
rCorr   .          Rampage  .   (no gloves)
Will    +....                   b - +0 pair of boots
Stlth   ++++......              (no amulet)
HPRegen 0.24/turn               L - +4 ring of protection
MPRegen 0.22/turn               H - ring of magical power

@: lethally poisoned (-2 -> -22)
A: fangs 1, strong nose, distributed training
a: Renounce Religion, Fiery Armour, Foxfire Swarm, Rising Flame


You were on level 1 of the Lair of Beasts.
You worshipped Ignis.
Ignis was extremely pleased with you.
You visited 2 branches of the dungeon, and saw 12 of its levels.
You also visited: Ossuary.

You collected 488 gold pieces.

Inventory:

Hand Weapons
 p - the +9 rapier "Ofeif" (weapon) {vorpal, rElec rF+ Stlth+}
   (You found it on level 5 of the Dungeon)

   It inflicts extra damage upon your enemies.
   rF:        It protects you from fire.
   rElec:     It insulates you from electricity.
   Stlth:     It makes you more stealthy.
 q - a +5 whip of electrocution
Missiles
 a - 4 boomerangs
 d - 2 throwing nets
Armour
 b - a +0 pair of boots (worn)
 A - a +0 helmet (worn)
 J - a +2 robe of willpower (worn)
Jewellery
 k - a ring of see invisible
 D - a +6 ring of dexterity
 H - a ring of magical power (right hand)
 I - a ring of protection from cold
 L - a +4 ring of protection (left hand)
Wands
 v - a wand of charming (2)
 w - a wand of iceblast (25)
 B - a wand of paralysis (4)
 G - a wand of flame (3)
 K - a wand of mindburst (10)
Scrolls
 e - 2 scrolls of amnesia
 h - 8 scrolls of teleportation
 n - a scroll of immolation {unknown}
 x - 2 scrolls of fog
 y - 3 scrolls of identify
 z - a scroll of summoning
 E - 2 scrolls of fear
 F - a scroll of brand weapon
Potions
 f - a potion of resistance
 g - 4 potions of invisibility {unknown}
 i - 2 potions of brilliance
 j - 3 potions of attraction
 l - 4 potions of ambrosia
 o - 3 potions of haste {unknown}
 r - 3 potions of mutation
 s - 2 potions of lignification
 t - 3 potions of magic
 u - a potion of might
 C - a potion of cancellation
Miscellaneous
 M - a condenser vane


   Skills:
 + Level 9.4 Fighting
 + Level 6.7 Short Blades
 + Level 6.7 Long Blades
 + Level 9.4 Axes
 + Level 6.7 Maces & Flails
 + Level 6.7 Polearms
 + Level 6.7 Staves
 + Level 6.7 Slings
 + Level 6.7 Bows
 + Level 6.7 Crossbows
 + Level 6.7 Throwing
 + Level 6.7 Armour
 + Level 6.7 Dodging
 + Level 6.7 Stealth
 + Level 6.7 Shields
 + Level 6.7 Unarmed Combat
 + Level 7.3 Spellcasting
 + Level 5.5 Conjurations
 + Level 5.5 Hexes
 + Level 5.5 Summonings
 + Level 5.5 Necromancy
 + Level 5.5 Translocations
 + Level 5.5 Transmutations
 + Level 7.9 Fire Magic
 + Level 5.5 Ice Magic
 + Level 5.5 Air Magic
 + Level 5.5 Earth Magic
 + Level 5.5 Poison Magic
 + Level 7.3 Invocations
 + Level 6.7 Evocations


You had 22 spell levels left.
You knew the following spells:

 Your Spells              Type           Power      Damage    Failure   Level
a - Scorch                Fire           50%        2d8       1%          2

Your spell library contained the following spells:

 Spells                   Type           Power      Damage    Failure   Level
 Animate Skeleton         Necr           38%        N/A       1%          1
 Pain                     Necr           76%        1d7       1%          1
 Sandblast                Erth           38%        2d10      1%          1
 Passwall                 Tmut/Erth      15%        N/A       2%          2
 Dazzling Flash           Conj/Hex       38%        N/A       4%          3
 Portal Projectile        Hex/Tloc       38%        N/A       4%          3
 Stone Arrow              Conj/Erth      38%        3d9       4%          3
 Tukima's Dance           Hex            19%        N/A       4%          3
 Vampiric Draining        Necr           19%        2d7       4%          3
 Anguish                  Hex/Necr       9%         N/A       16%         4
 Agony                    Necr           19%        N/A       38%         5
 Blade Hands              Tmut           9%         N/A       38%         5
 Excruciating Wounds      Necr           9%         N/A       38%         5
 Silence                  Hex/Air        9%         N/A       38%         5
 Enfeeble                 Hex            9%         N/A       100%        7


Dungeon Overview and Level Annotations

Branches:
Dungeon (11/15)            Temple (0/1) D:5            Lair (1/6) D:11
    Orc (0/2) D:9         Ossuary (visited)

Altars:
Dithmenos
Gozag
Makhleb
Nemelex Xobeh
Sif Muna
Vehumet
Wu Jian

Portals:
Trove: D:10 (give +3 storm dragon scales)


Innate Abilities, Weirdness & Mutations

You have very sharp teeth.
Your uncanny sense of smell can sniff out nearby items.
Your experience applies equally to all skills.


Message History

You are too injured to fight recklessly!
You are too injured to fight recklessly!
You puncture the cane toad!
You kill the cane toad!
You feel sick.
You feel sick.
You start resting.
You feel sick. x5
You are no longer poisoned.
You start resting.
A cane toad comes into view.
You puncture the plant!
The plant begins to die.
The plant is lightly damaged.
You are too injured to fight recklessly!
You are too injured to fight recklessly!
Unknown command.
Casting: Scorch (safe; 1% risk of failure)
Confirm with . or Enter, or press ? or * to list all spells.
Flames lash the cane toad.
The cane toad is lightly wounded.
The cane toad's fire resistance burns away.
The cane toad misses you.
Casting: Scorch (safe; 1% risk of failure)
Confirm with . or Enter, or press ? or * to list all spells.
Flames lash the cane toad.
The cane toad is burned terribly!
The cane toad is moderately wounded.
The cane toad stings you!
Casting: Scorch (safe; 1% risk of failure)
Confirm with . or Enter, or press ? or * to list all spells.
Flames lash the cane toad.
The cane toad is burned terribly!
The cane toad is heavily wounded.
A nearby plant withers and dies.
The cane toad stings you!
* * * LOW HITPOINT WARNING * * *
You are lethally poisoned!
The cane toad poisons you! The cane toad stings you!
* * * LOW HITPOINT WARNING * * *
Casting: Scorch (safe; 1% risk of failure)
Confirm with . or Enter, or press ? or * to list all spells.
Flames lash the cane toad.
The cane toad is burned terribly!
The cane toad is severely wounded.
You die...

..)......... ...#.........
...#.##..###...# #.P....#.P.#
.....#......#..## ##.....$. ..#
...P.#.......... #..#...# ...
.....#......#..# #..+...##.###$#
...#.#......#..## ##............#
...#.#......#...###..#.÷.........
......####+.....#........+#..P#..
+###........÷...@..######........
.......#######..#F## ######.#
##P....# ##.#..# ∆ . ###....#
#....###.. #.....# ##.........
#.....# #.......... ##....##
##..[...... ###.....# #.........
.......## ##.........


You could see a cane toad (combustible).

Vanquished Creatures
  Harold (D:8)
  A centaur warrior (D:11)
  A cyclops (D:11)
  An ugly thing (D:9)
  4 cane toads (Lair:1)
  A kobold demonologist (D:9)
  2 komodo dragons
  2 trolls
  A hornet (D:7)
  A shadow (D:10)
  9 yaks
  Eustachio (D:5)
  2 wraiths
  3 water moccasins
  8 orc warriors
  2 ice beasts
  A necrophage (D:6)
  A black bear (D:7)
  2 ogres (D:6)
  5 centaurs
  3 wolves (D:11)
  A phantom (D:5)
  6 kobold brigands
  5 bullfrogs
  4 scorpions
  2 water moccasin zombies (Ossuary)
  3 jellies (D:5)
  3 killer bees (D:9)
  3 wights (D:9)
  2 howler monkeys (D:8)
  3 electric eels (D:11)
  2 centaur zombies
  3 bullfrog skeletons
  6 hounds
  A centaur skeleton (D:5)
  5 orc priests
  An iguana (D:7)
  14 orc wizards
  Ijyb (D:5)
  A killer bee zombie (D:7)
  4 hound skeletons
  2 mummies (Ossuary)
  5 adders
  A shadow imp (D:6)
  2 white imps
  3 ufetubi
  4 adder zombies (Ossuary)
  An adder skeleton (D:4)
  2 worms (D:3)
  43 orcs
  5 bats
  8 endoplasms
  A giant cockroach (D:3)
  3 gnoll zombies (Ossuary)
  5 goblins
  6 hobgoblins
  8 jackals
  23 kobolds
  11 quokkas
  4 ball pythons
  2 frilled lizards (D:1)
  7 hobgoblin zombies (Ossuary)
  8 kobold zombies (Ossuary)
  4 orc zombies (Ossuary)
  5 rats
285 creatures vanquished.

Vanquished Creatures (others)
  3 fungi (Lair:1)
  2 plants
5 creatures vanquished.

Grand Total: 290 creatures vanquished

Notes
Turn   | Place    | Note
-------+----------+-------------------------------------------
     0 | D:1      | oldriver the Gnoll Cinder Acolyte began the quest for the
                  | Orb.
     0 | D:1      | Reached XP level 1. HP: 23/23 MP: 4/4
    96 | D:1      | You fall into a shaft and drop 1 floor!
   244 | D:1      | Reached XP level 2. HP: 24/29 MP: 5/5
  1072 | D:2      | Reached XP level 3. HP: 21/35 MP: 7/7
  1132 | D:1      | Learned a level 2 spell: Scorch
  1605 | D:2      | Reached skill level 1 in Invocations
  1664 | D:2      | Reached skill level 1 in Short Blades
  1664 | D:2      | Reached skill level 1 in Long Blades
  1664 | D:2      | Reached skill level 1 in Maces & Flails
  1664 | D:2      | Reached skill level 1 in Polearms
  1664 | D:2      | Reached skill level 1 in Staves
  1664 | D:2      | Reached skill level 1 in Slings
  1664 | D:2      | Reached skill level 1 in Bows
  1664 | D:2      | Reached skill level 1 in Crossbows
  1664 | D:2      | Reached skill level 1 in Throwing
  1664 | D:2      | Reached skill level 1 in Armour
  1664 | D:2      | Reached skill level 1 in Dodging
  1664 | D:2      | Reached skill level 1 in Stealth
  1664 | D:2      | Reached skill level 1 in Shields
  1664 | D:2      | Reached skill level 1 in Unarmed Combat
  1664 | D:2      | Reached skill level 1 in Evocations
  1664 | D:2      | Reached XP level 4. HP: 39/41 MP: 1/8
  1732 | D:2      | Found a burning altar of Makhleb.
  1739 | D:2      | Found a faded altar of an unknown god.
  2424 | D:3      | Reached skill level 1 in Conjurations
  2424 | D:3      | Reached skill level 1 in Hexes
  2424 | D:3      | Reached skill level 1 in Summonings
  2424 | D:3      | Reached skill level 1 in Necromancy
  2424 | D:3      | Reached skill level 1 in Translocations
  2424 | D:3      | Reached skill level 1 in Transmutations
  2424 | D:3      | Reached skill level 1 in Ice Magic
  2424 | D:3      | Reached skill level 1 in Air Magic
  2424 | D:3      | Reached skill level 1 in Earth Magic
  2424 | D:3      | Reached skill level 1 in Poison Magic
  2684 | D:2      | Reached XP level 5. HP: 10/47 MP: 0/9
  4183 | D:3      | Reached XP level 6. HP: 51/53 MP: 1/10
  4869 | D:4      | Noticed a water moccasin
  5199 | D:4      | Killed a water moccasin
  5327 | D:4      | Reached XP level 7. HP: 33/59 MP: 1/12
  6040 | D:5      | Entered Level 5 of the Dungeon
  6145 | D:5      | Found a staircase to the Ecumenical Temple.
  6176 | D:5      | Identified the +9 rapier "Ofeif" {vorpal, rElec rF+ Stlth+}
  6186 | D:5      | Found a sand-covered staircase.
  6193 | Ossuary  | Entered an ossuary
  7242 | D:5      | Noticed a troll
  7320 | D:5      | Noticed Eustachio
  7325 | D:5      | Killed Eustachio
  7326 | D:5      | Reached XP level 8. HP: 59/67 MP: 1/14
  7484 | D:5      | Noticed Ijyb
  7495 | D:5      | Killed Ijyb
  8096 | D:5      | Found an opulent altar of Gozag.
  8098 | D:5      | Found a radiant altar of Vehumet.
  9595 | D:6      | Reached XP level 9. HP: 72/72 MP: 7/16
 10246 | D:6      | Reached skill level 5 in Spellcasting
 11575 | D:7      | Found a shimmering blue altar of Sif Muna.
 11669 | D:7      | Noticed a hornet
 11676 | D:7      | Reached skill level 5 in Invocations
 11680 | D:7      | Paralysed by a hornet for 1 turns
 11683 | D:7      | Killed a hornet
 12293 | D:8      | Noticed Harold
 12445 | D:8      | Reached XP level 10. HP: 28/80 MP: 4/18
 12858 | D:8      | Killed Harold
 12859 | D:8      | Reached skill level 5 in Short Blades
 12859 | D:8      | Reached skill level 5 in Long Blades
 12859 | D:8      | Reached skill level 5 in Maces & Flails
 12859 | D:8      | Reached skill level 5 in Polearms
 12859 | D:8      | Reached skill level 5 in Staves
 12859 | D:8      | Reached skill level 5 in Slings
 12859 | D:8      | Reached skill level 5 in Bows
 12859 | D:8      | Reached skill level 5 in Crossbows
 12859 | D:8      | Reached skill level 5 in Throwing
 12859 | D:8      | Reached skill level 5 in Armour
 12859 | D:8      | Reached skill level 5 in Dodging
 12859 | D:8      | Reached skill level 5 in Stealth
 12859 | D:8      | Reached skill level 5 in Shields
 12859 | D:8      | Reached skill level 5 in Unarmed Combat
 12859 | D:8      | Reached skill level 5 in Evocations
 13247 | D:8      | Identified the +1 robe "Saaf" {Str+6}
 13386 | D:8      | Found a shadowy altar of Dithmenos.
 13999 | D:9      | Noticed a cyan ugly thing
 14007 | D:9      | Killed a cyan ugly thing
 14551 | D:9      | Found a staircase to the Orcish Mines.
 15723 | D:9      | Noticed a kobold demonologist
 15760 | D:9      | Noticed a soul eater
 15760 | D:9      | Killed a kobold demonologist
 16159 | D:9      | HP: 4/82 [yak (13)]
 16163 | D:9      | Reached XP level 11. HP: 24/87 MP: 13/20
 16620 | D:9      | Found an ornate altar of the Wu Jian Council.
 17147 | D:10     | Entered Level 10 of the Dungeon
 17160 | D:10     | Found a sparkling altar of Nemelex Xobeh.
 17530 | D:10     | Found a portal to a secret trove of treasure.
 18000 | D:10     | Reached skill level 5 in Conjurations
 18000 | D:10     | Reached skill level 5 in Hexes
 18000 | D:10     | Reached skill level 5 in Summonings
 18000 | D:10     | Reached skill level 5 in Necromancy
 18000 | D:10     | Reached skill level 5 in Translocations
 18000 | D:10     | Reached skill level 5 in Transmutations
 18000 | D:10     | Reached skill level 5 in Ice Magic
 18000 | D:10     | Reached skill level 5 in Air Magic
 18000 | D:10     | Reached skill level 5 in Earth Magic
 18000 | D:10     | Reached skill level 5 in Poison Magic
 18365 | D:11     | Noticed a centaur warrior
 18392 | D:11     | Noticed a cyclops
 18620 | D:11     | Noticed a deep elf pyromancer
 18620 | D:11     | Noticed a deep elf pyromancer
 18621 | D:11     | Noticed a tengu warrior
 18622 | D:11     | Noticed a wizard
 18622 | D:11     | Noticed a brown ugly thing
 18631 | D:11     | Noticed a rakshasa
 18631 | D:11     | Noticed a cyclops
 18631 | D:11     | Noticed a death knight
 18631 | D:11     | Noticed a white ugly thing
 18631 | D:11     | Noticed a centaur warrior
 18643 | D:11     | Noticed a cyclops
 18701 | D:11     | Killed a cyclops
 19359 | D:11     | Found a staircase to the Lair.
 19736 | D:11     | Killed a centaur warrior
 20420 | Lair:1   | Entered Level 1 of the Lair of Beasts
 21044 | Lair:1   | Noticed a death yak
 21045 | Lair:1   | Noticed a death yak
 21045 | Lair:1   | Noticed a death yak
 21530 | Lair:1   | HP: 3/89 [cane toad (13)]
 21531 | Lair:1   | Succumbed to a cane toad's poison

Illustrated notes

Levels and vault maps discovered:
D:1:      co_arrival_square_in_a_square_in_a_square, layout_basic,
          hangedman_glass_teeth, amcnicky_mini_rare_corridor_liquid
D:2:      layout_loops_ring, basic_ecumenical_altar, basic_altar,
          grunt_ministairs_12
D:3:      layout_basic
D:4:      layout_loops_ring
D:5:      layout_basic, gammafunk_temple_overflow_wave,
          minmay_temple_entry_overgrown, nicolae_ossuary_entry_ruins,
          grunt_ministairs_7, nicolae_concentric_dashed_squares_wild,
          minivault_23, lightli_corner_chamber, uniq_ijyb, uniq_eustachio
D:6:      layout_basic, nicolae_concentric_dashed_squares_mild
D:7:      layout_rooms, mainiacjoe_overflow_chevrons, minmay_misc_feat_hallway
D:8:      layout_basic, nicolae_dithmenos_shadow_blocks, uniq_harold
D:9:      layout_basic, nicolae_wu_jian_glorious_leap, orc_0_dummy
D:10:     layout_stronghold, mainiacjoe_overflow_cross_hatched,
          nicolae_trove_entry_free_sample
D:11:     layout_long_grid, erik_lair_island, minivault_12
Lair:1:   layout_chaotic_city, beast_lair_carwin_8, infiniplex_staircase_pool

Skill      XL: |  1  2  3  4  5  6  7  8  9 10 11 |
---------------+----------------------------------+-----
Invocations    | 1 2 3 4 5 6 7 |  7.3
Short Blades   | 1 2 3 4 5 6 |  6.7
Long Blades    | 1 2 3 4 5 6 |  6.7
Maces & Flails | 1 2 3 4 5 6 |  6.7
Polearms       | 1 2 3 4 5 6 |  6.7
Staves         | 1 2 3 4 5 6 |  6.7
Slings         | 1 2 3 4 5 6 |  6.7
Bows           | 1 2 3 4 5 6 |  6.7
Crossbows      | 1 2 3 4 5 6 |  6.7
Throwing       | 1 2 3 4 5 6 |  6.7
Armour         | 1 2 3 4 5 6 |  6.7
Dodging        | 1 2 3 4 5 6 |  6.7
Stealth        | 1 2 3 4 5 6 |  6.7
Shields        | 1 2 3 4 5 6 |  6.7
Unarmed Combat | 1 2 3 4 5 6 |  6.7
Evocations     | 1 2 3 4 5 6 |  6.7
Spellcasting   | 3 4 5 6 7 |  7.3
Conjurations   | 1 2 3 4 5 |  5.5
Hexes          | 1 2 3 4 5 |  5.5
Summonings     | 1 2 3 4 5 |  5.5
Necromancy     | 1 2 3 4 5 |  5.5
Translocations | 1 2 3 4 5 |  5.5
Transmutations | 1 2 3 4 5 |  5.5
Ice Magic      | 1 2 3 4 5 |  5.5
Air Magic      | 1 2 3 4 5 |  5.5
Earth Magic    | 1 2 3 4 5 |  5.5
Poison Magic   | 1 2 3 4 5 |  5.5
Fighting       | 7 8 9 |  9.4
Axes           | 7 8 9 |  9.4
Fire Magic     | 6 7 |  7.9

Action                   |  1- 3 |  4- 6 |  7- 9 | 10-12 || total
-------------------------+-------+-------+-------+-------++-------
Melee: Hand axe          |    91 |    64 |       |       ||   155
       Bite              |     5 |     3 |     4 |     6 ||    18
       Punch             |     3 |     1 |     4 |     5 ||    13
       Rapier            |       |       |    80 |    81 ||   161
       Whip              |       |       |    13 |       ||    13
Throw: Boomerang         |       |       |       |     2 ||     2
 Cast: Scorch            |     8 |    90 |   189 |   254 ||   541
Invok: Fiery Armour      |       |       |       |     2 ||     2
Evoke: Wand              |       |       |       |    11 ||    11
  Use: Scroll            |       |     8 |     7 |     9 ||    24
       Potion            |       |     1 |     2 |     7 ||    10
 Stab: Sleeping          |       |       |     1 |       ||     1
       Distracted        |       |       |       |     1 ||     1
Armor: Robe              |    21 |     8 |       |    66 ||    95
       Skin              |       |    12 |       |       ||    12
       Ring mail         |       |    23 |    79 |    13 ||   115
       Troll leather arm |       |       |       |     5 ||     5
Dodge: Dodged            |    60 |    62 |   118 |   166 ||   406

Table legend: (Time is in decaauts)
 A = Elapsed time spent in this place.
 B = Non-inter-level travel time spent in this place.
 C = Inter-level travel time spent in this place.
 D = Time resting spent in this place.
 E = Time spent auto-exploring this place.
 F = Levels seen in this place.
 G = Mean time per level.
                   A        B        C        D        E       F      G
               +--------+--------+--------+--------+--------+-----+--------+
         Total |  21551 |  20974 |    577 |   9398 |   8683 |  13 | 1657.8 |
       Dungeon |  19480 |  18904 |    576 |   8096 |   8215 |  11 | 1770.9 |
          Lair |   1109 |   1109 |      0 |    587 |    322 |   1 | 1109.0 |
       Ossuary |    962 |    962 |      0 |    715 |    146 |   1 |  962.0 |
               +--------+--------+--------+--------+--------+-----+--------+

Top non-repeatable levels by time:
     D:9: 3084 daAuts
     D:5: 2362 daAuts
     D:2: 1901 daAuts
     D:8: 1886 daAuts
     D:6: 1789 daAuts
     D:3: 1743 daAuts
    D:11: 1690 daAuts
    D:10: 1590 daAuts
     D:1: 1200 daAuts
     D:4: 1194 daAuts
  Lair:1: 1109 daAuts
     D:7: 1037 daAuts
 Ossuary: 962 daAuts
